 Dungeon Crawl Stone Soup version 0.18-a0-917-g8a3da5b (webtiles) character file.

4232 George the Basher (level 10, -5/58 HPs)
             Began as a Gargoyle Fighter on Dec 26, 2015.
             Was a Priest of Okawaru.
             Killed from afar by an orc wizard (10 damage)
             ... with a magic dart
             ... on level 8 of the Dungeon.
             The game lasted 00:16:59 (7571 turns).

George the Basher (Gargoyle Fighter)                Turns: 7571, Time: 00:17:00

Health: -5/58      AC: 20    Str: 20    XL:     10   Next: 30%
Magic:  16/16      EV:  5    Int: 12    God:    Okawaru [***...]
Gold:   376        SH:  9    Dex:  9    Spells: 0 memorised, 9 levels left

rFire  . . .     SeeInvis .     a - +1 flail
rCold  . . .     Gourm    .     D - +0 chain mail {rN+}
rNeg   + + +     Faith    .     c - +0 shield
rPois  ∞         Spirit   .     (no helmet)
rElec  +         Dismiss  .     S - +0 cloak
rCorr  .         Reflect  .     E - +0 pair of gloves
SustAt .         Harm     .     F - +0 pair of boots
MR     .....                    (no amulet)
Stlth  ..........               R - ring of positive energy
                                C - +2 ring of slaying

@: not resistant to hostile enchantments, extremely unstealthy
A: claws 1, negative energy resistance 1, electricity resistance, unbreathing,
petrification resistance, rot immunity, AC +7
a: Heroism, Renounce Religion


You were on level 8 of the Dungeon.
You worshipped Okawaru.
Okawaru was most pleased with you.
You were not hungry.

You visited 2 branches of the dungeon, and saw 9 of its levels.
You also visited: Sewer.

You collected 376 gold pieces.

Inventory:

Hand Weapons
 a - a +1 flail (weapon)
Armour
 c - a +0 shield (worn)
 D - a +0 chain mail of positive energy (worn)
 E - a +0 pair of gloves (worn)
 F - a +0 pair of boots (worn)
 S - a +0 cloak (worn)
Jewellery
 C - a +2 ring of slaying (left hand)
 M - an uncursed ring of flight
 R - a ring of positive energy (right hand)
 Y - an uncursed ring of protection from cold
Wands
 V - a wand of lightning (0/15)
Scrolls
 g - 2 scrolls of fog
 i - 9 scrolls of remove curse
 k - 2 scrolls of fear
 n - 6 scrolls of teleportation
 I - 4 scrolls of enchant armour
 K - a scroll of magic mapping
 Q - a scroll of enchant weapon
Potions
 d - a potion of might
 h - a potion of resistance
 j - 5 potions of curing {unknown}
 l - 3 potions of ambrosia {unknown}
 u - a potion of magic
 w - 2 potions of agility
 x - a potion of heal wounds
 T - a potion of flight
 W - a potion of mutation {unknown}
Books
 U - a book of Frost

   Spells                             Type                      Level
   a - Freeze                         Ice                          1
   b - Throw Frost                    Conjuration/Ice              2
   c - Ozocubu's Armour               Charms/Ice                   3
   d - Throw Icicle                   Conjuration/Ice              4
   e - Summon Ice Beast               Ice/Summoning                4
   f - Condensation Shield            Ice                          4
Comestibles
 f - 8 bread rations
 t - 2 slices of pizza
 G - a beef jerky
 J - 3 meat rations
 X - a royal jelly
 Z - a chunk of flesh


   Skills:
 - Level 4.4 Fighting
 + Level 11.6 Maces & Flails
 - Level 4.2 Armour
 - Level 4.2 Shields
 + Level 8.4 Invocations


You had 9 spell levels left.
You didn't know any spells.

Dungeon Overview and Level Annotations

Branches:
Dungeon (8/15)             Temple (1/1) D:5
   Lair: D:8-11

Altars:
Cheibriados
Dithmenos
Elyvilon
Fedhas
Gozag
Nemelex Xobeh
Okawaru
Pakellas
Qazlal
Ru
Trog
Vehumet
Xom
Yredelemnul
The Shining One

Shops:
D:4 (


Innate Abilities, Weirdness & Mutations

You are resistant to torment.
Your stone body is resilient (AC +7).
You are immune to poison.
You resist negative energy.
You are resistant to electric shocks.
You can survive without breathing.
You are immune to petrification.
You are immune to rotting.
You have sharp fingernails.


Message History

The bolt of lightning hits the orc wizard.
The orc wizard is almost dead.
The bolt of lightning hits the orc.
You kill the orc!
The bolt of lightning hits the orc priest.
You kill the orc priest!
Okawaru accepts your kill.
Evoking this partially-identified wand wasted a few charges.
The orc priest looks braver for a moment.
Evoke which item? (* to show all) (? for menu, Esc to quit)
Zapping:
V - a wand of lightning {zapped: 6} (will waste charges)
Press: ? - help, Shift-Dir - straight line, f - orc
Aim: an orc, wielding a short sword and wearing a ring mail Nothing appears to happen.
You block the orc priest's attack.
You hit the orc priest.
You kill the orc priest!
Okawaru accepts your kill.
The orc wizard points at you and mumbles some strange words.
The magic dart hits you!
You die...

####.# ##.##.#........
############....###.....#.....>..
....##.......####.........#......
....................#######......
.............##...#.# #......
.............##.###.# ##.?...
.............##.# #.#
.............##.###.#######
............((..@)oo)......
.............######..##...
.>..........## #.#...#
....##.....## ##.#.###
######.#.### #....# #.#.###
#####...## #.....###.......#
#.).....<.###...# #########
#..........##...####.......#


You could see an orc wizard and an orc.

Vanquished Creatures
  Pikel (D:6)
  The ghost of st0uf the Shield-Bearer, a novice FoFi of Makhleb (D:5)
  A troll (D:6)
  A wyvern (D:8)
  A hippogriff (D:8)
  Menkaure (D:4)
  A water moccasin (D:8)
  2 sky beasts
  4 ogres
  An eye of draining (D:3)
  2 phantoms
  A wasp (D:8)
  2 ice beasts
  A centaur (D:7)
  3 giant frogs
  5 scorpions
  3 killer bees (D:7)
  3 wights (D:7)
  A crimson imp (D:8)
  A giant frog zombie (D:8)
  6 orc wizards
  A gnoll shaman (D:3)
  An iguana (D:4)
  A giant frog skeleton (D:5)
  5 orc priests
  2 hounds
  A killer bee zombie (D:6)
  A worker ant (D:4)
  A hound zombie (D:6)
  A hound skeleton (D:5)
  2 worker ant zombies
  8 gnolls
  2 river rats (D:4)
  9 adders
  An ooze (D:2)
  4 worms
  2 adder skeletons
  5 giant geckos
  12 orcs
  4 ball pythons
  13 giant cockroaches
  10 goblins
  8 hobgoblins
  12 jackals
  4 kobolds
  4 quokkas
  7 bats
  8 giant newts
  6 rats
177 creatures vanquished.

Vanquished Creatures (collateral kills)
  An orc priest (D:6)
  An orc wizard (D:6)
  An iguana (D:6)
  2 orcs (D:6)
5 creatures vanquished.

Vanquished Creatures (others)
  Blork the orc (D:6)
  2 slaves (D:6)
  A giant cockroach (D:6)
  A jackal (D:6)
5 creatures vanquished.

Grand Total: 187 creatures vanquished

Notes
Turn   | Place    | Note
--------------------------------------------------------------
     0 | D:1      | George the Gargoyle Fighter began the quest for the Orb.
     0 | D:1      | Reached XP level 1. HP: 14/14 MP: 1/1
    68 | D:1      | Reached XP level 2. HP: 6/19 MP: 2/2
   955 | D:2      | Reached XP level 3. HP: 23/23 MP: 3/3
   957 | D:2      | Found a snail-covered altar of Cheibriados.
  1068 | D:2      | Found a shadowy altar of Dithmenos.
  1132 | D:2      | Found an opulent altar of Gozag.
  1333 | D:2      | Reached skill level 4 in Fighting
  1551 | D:2      | Reached XP level 4. HP: 29/29 MP: 4/4
  1614 | D:3      | Found a white marble altar of Elyvilon.
  1743 | D:3      | Found a bloodstained altar of Trog.
  1744 | D:3      | Noticed an eye of draining
  1764 | D:3      | Killed an eye of draining
  1764 | D:3      | Reached XP level 5. HP: 32/34 MP: 0/5
  2500 | D:3      | Reached XP level 6. HP: 13/39 MP: 6/6
  2527 | D:4      | HP: 1/39 [gnoll/spear (3)]
  2826 | D:4      | Got a faintly glowing scale mail
  2883 | D:4      | Found Uboraon's Weapon Emporium.
  2974 | D:4      | Reached skill level 5 in Maces & Flails
  2989 | D:4      | Found a glowing drain.
  3009 | Sewer    | Entered a sewer
  3020 | Sewer    | Identified the +0 scale mail of Mirth {rC+} (You found it on level 4 of the Dungeon)
  3412 | Sewer    | Reached XP level 7. HP: 44/44 MP: 7/7
  3839 | D:4      | Noticed Menkaure
  3850 | D:4      | Killed Menkaure
  3850 | D:4      | Reached skill level 6 in Maces & Flails
  4017 | D:4      | Reached skill level 7 in Maces & Flails
  4224 | D:5      | Entered Level 5 of the Dungeon
  4295 | D:5      | Noticed st0uf's ghost (novice FoFi)
  4340 | D:5      | Killed st0uf's ghost
  4340 | D:5      | Reached skill level 8 in Maces & Flails
  4340 | D:5      | Reached XP level 8. HP: 26/48 MP: 8/8
  4501 | D:5      | Found a staircase to the Ecumenical Temple.
  4518 | Temple   | Entered the Ecumenical Temple
  4526 | Temple   | Became a worshipper of Warmaster Okawaru
  4679 | D:5      | Reached skill level 1 in Invocations
  4706 | D:5      | Reached skill level 9 in Maces & Flails
  5001 | D:6      | Noticed Blork the orc
  5282 | D:6      | Reached * piety under Okawaru
  5282 | D:6      | Reached XP level 9. HP: 21/52 MP: 10/12
  5635 | D:6      | Noticed Pikel
  5656 | D:6      | Killed Pikel
  5656 | D:6      | Reached ** piety under Okawaru
  5656 | D:6      | Reached skill level 10 in Maces & Flails
  5656 | D:6      | Reached skill level 5 in Invocations
  5785 | D:6      | Found an oddly glowing altar of Pakellas.
  5786 | D:6      | Noticed a wolf spider
  5858 | D:6      | Killed Blork the orc
  6590 | D:7      | Gained mutation: You have sharp fingernails. [potion of beneficial mutation]
  6615 | D:7      | Found a stormy altar of Qazlal.
  6860 | D:7      | Reached skill level 11 in Maces & Flails
  6868 | D:7      | Reached XP level 10. HP: 50/58 MP: 15/15
  6883 | D:7      | Found a radiant altar of Vehumet.
  7049 | D:8      | Reached *** piety under Okawaru
  7485 | D:8      | Found a blossoming altar of Fedhas.
  7571 | D:8      | Killed from afar by an orc wizard

Vault maps used:
D:1:      erik_arrival_blinker_ship, serial_bayou_lagoon_a
D:2:      grunt_dithmenos_smoke, overflow_temple_1_default, lemuel_round_altar,
          grunt_ministairs_7
D:3:      trog_eyes_of_draining, overflow_temple_1_default
D:4:      kennysheep_six_static_rooms, first_bread, serial_shops,
          nicolae_shop_waterfront, portal_sewer_entry_e, minivault_11,
          uniq_menkaure
D:5:      minmay_temple_entry_purple_smoke
D:6:      minmay_klotski, gammafunk_pakellas_cloud_experiment, uniq_pikel,
          uniq_blork_the_orc
D:7:      vehumet_crystals, nicolae_overflow_hidden_temple
D:8:      fedhas_altar_1
Temple:   circular_temple_6
Sewer:    sewer_frog_island_01

Action                   |  1- 3 |  4- 6 |  7- 9 | 10-12 || total
-------------------------+-------+-------+-------+-------++-------
Melee: Flail             |   160 |   240 |   349 |    99 ||   848
Evoke: Wand              |       |       |       |     2 ||     2
  Use: Scroll            |       |    11 |    10 |     1 ||    22
       Potion            |       |       |     1 |       ||     1
  Eat: Chunk             |     2 |     7 |    12 |     2 ||    23
